 Dungeon Sprint DCSS version 0.30.0-29-ga12c61a403 (webtiles) character file.

Game seed: 17828680451826612504

5900000 boopmooplesden the Axe Maniac (level 24, -8/249 HPs)
             Began as a Minotaur Berserker on June 20, 2023.
             Was the Champion of Makhleb.
             Mangled by a bag of meat
             ... wielding a +9 war axe
              (37 damage)
             ... in the Dungeon (Sprint VIII: "Arena of Blood").
             The game lasted 00:03:56 (59 turns).

boopmooplesden the Axe Maniac (Minotaur Berserker)    Turns: 59, Time: 00:03:57

Health: -8/249     AC:  4    Str: 30    XL:     24   Next: 8%
Magic:  22/50      EV: 26    Int:  4    God:    Makhleb [******]
Gold:   0          SH:  0    Dex: 14    Spells: 72/72 levels left

rFire   . . .        i - +∞ Axe of Woe
rCold   . . .        (shield currently unavailable)
rNeg    . . .        b - +0 animal skin
rPois   .            (helmet restricted)
rElec   .            (no cloak)
rCorr   .            (no gloves)
SInv    .            (no boots)
Will    +....        (no amulet)
Stlth   +++++++++    j - +30 ring of slaying
HPRegen 0.61/turn    (no ring)
MPRegen 0.32/turn

%: no teleportation
@: slowed, very slow
A: horns 2, retaliatory headbutt
a: Renounce Religion, Minor Destruction, Lesser Servant of Makhleb, Major
Destruction, Greater Servant of Makhleb


You were in the Dungeon.
You worshipped Makhleb.
Makhleb was exalted by your worship.
You visited 1 branch

Inventory:

Hand Weapons
 a - a +0 hand axe
 i - the +∞ Axe of Woe (weapon)
   (You found it in the Dungeon)
Armour
 b - a +0 animal skin (worn)
Jewellery
 j - a +30 ring of slaying (left hand)
Potions
 c - a potion of curing
 d - a potion of heal wounds
 e - a potion of haste
 f - 2 potions of magic
 g - a potion of berserk rage


   Skills:
 O Level 27 Fighting
 O Level 27 Short Blades
 O Level 27 Long Blades
 O Level 27 Axes
 O Level 27 Maces & Flails
 O Level 27 Polearms
 O Level 27 Staves
 O Level 27 Ranged Weapons
 O Level 27 Throwing
 O Level 27 Armour
 O Level 27 Dodging
 O Level 27 Stealth
 O Level 27 Shields
 O Level 27 Unarmed Combat
 + Level 24.9 Spellcasting
 O Level 27 Invocations
 O Level 27 Evocations


You had 72 spell levels left.
You didn't know any spells.
Your spell library was empty.

Dungeon Overview and Level Annotations

Branches:
Dungeon (1/1)

Altars:
Makhleb


Innate Abilities, Weirdness & Mutations

You have a pair of horns on your head.
You reflexively headbutt those who attack you in melee.


Message History

You butcher the sculptor of flesh messily.
You destroy the sculptor of flesh!
Makhleb accepts your kill.
You feel better.
You feel extremely nervous for a moment...
Pain shoots through your body!!
You are engulfed in blazing flames.
You hear a shout! x2
The accursed is engulfed in blazing flames.
You hear a shout!
The bag of meat is engulfed in blazing flames.
You hear a shout! x3
The accursed gestures at you while chanting.
Something smites you!
You hear a shout! x2
Your Spellcasting skill gained 8 levels and is now at level 19!
You carve the accursed like a ham!!!
You slaughter the accursed joyfully.
You destroy the accursed!
Makhleb accepts your kill.
You feel better.
You carve the bag of meat like a ham!!!
You pulverise the bag of meat into a thin bloody mist.
You kill the bag of meat!
Makhleb accepts your kill.
You feel extremely nervous for a moment...
Your body is wracked with pain!
* * * LOW HITPOINT WARNING * * *
You are engulfed in blazing flames.
* * * LOW HITPOINT WARNING * * *
You hear a shout! x4
The bag of meat is engulfed in blazing flames.
You hear a shout! x5
The accursed points at you and mumbles some strange words.
Something smites you!
* * * LOW HITPOINT WARNING * * *
You hear a shout!
Your Spellcasting skill gained 5 levels and is now at level 24!
You have reached level 24!
You feel stronger.
The bag of meat attacks as you move away!
The bag of meat hits you with a +9 war axe!!!
You die...

.........#..o.#....
.......##o....#....
......#......#....
.....M#...###....#
........O......#..
....M.....))......
#....O####o)......
.......§#o......##
.......@ooo..####
..=....§)§####
###########


You could see an accursed, a large bag of meat (inner flame) and 5 bags of meat.

Vanquished Creatures
  3 royal mummies (D)
  4 vampire knights (D)
  16 ogres (D)
  4 two-headed ogres (D)
  A hydra (D)
  36 orcs (D)
  3 skeletal warriors (D)
67 creatures vanquished.

Notes
Turn   | Place    | Note
-------+----------+-------------------------------------------
     0 | D        | Found the +∞ Axe of Woe
     0 | D        | boopmooplesden the Minotaur Berserker began the quest for
                  | the Orb.
     0 | D        | Reached XP level 1. HP: 19/19 MP: 0/0
     0 | D        | Noticed a bag of meat
     2 | D        | Noticed a bag of meat
     3 | D        | Fell from the grace of Trog
     3 | D        | Became a worshipper of Makhleb the Destroyer
     3 | D        | Noticed a bag of meat
     6 | D        | Noticed a bag of meat
     8 | D        | Killed a bag of meat
     8 | D        | Noticed a meat berserker
     9 | D        | Reached skill level 10 in Armour
     9 | D        | Reached skill level 10 in Dodging
     9 | D        | Reached XP level 2. HP: 53/53 MP: 1/1
     9 | D        | Reached XP level 3. HP: 61/61 MP: 2/2
     9 | D        | Reached XP level 4. HP: 69/69 MP: 3/3
     9 | D        | Reached XP level 5. HP: 75/75 MP: 4/4
     9 | D        | Reached XP level 6. HP: 84/84 MP: 5/5
     9 | D        | Reached XP level 7. HP: 91/91 MP: 6/6
     9 | D        | Reached XP level 8. HP: 99/99 MP: 7/7
     9 | D        | Reached XP level 9. HP: 106/106 MP: 8/8
     9 | D        | Reached XP level 10. HP: 114/114 MP: 9/9
     9 | D        | Killed a bag of meat
     9 | D        | Reached * piety under Makhleb
     9 | D        | Killed a bag of meat
     9 | D        | Noticed a meat berserker
    10 | D        | Reached XP level 11. HP: 133/133 MP: 10/10
    10 | D        | Reached XP level 12. HP: 140/140 MP: 11/11
    10 | D        | Killed a bag of meat
    11 | D        | Reached XP level 13. HP: 151/151 MP: 12/12
    12 | D        | Noticed a meat berserker
    12 | D        | Noticed a bag of meat
    13 | D        | Killed a meat berserker
    13 | D        | Reached ** piety under Makhleb
    13 | D        | Noticed a meat berserker
    13 | D        | Noticed a meat berserker
    13 | D        | Noticed a bag of meat
    14 | D        | Reached skill level 27 in Fighting
    14 | D        | Reached skill level 27 in Axes
    14 | D        | Reached skill level 15 in Dodging
    14 | D        | Killed a meat berserker
    14 | D        | Noticed a meat berserker
    14 | D        | Noticed a bag of meat
    14 | D        | Noticed a bag of meat
    15 | D        | Reached XP level 14. HP: 137/168 MP: 13/13
    15 | D        | Noticed a bag of meat
    15 | D        | Noticed a bag of meat
    15 | D        | Noticed a bag of meat
    15 | D        | Noticed a bag of meat
    15 | D        | Noticed a bag of meat
    15 | D        | Noticed a bag of meat
    15 | D        | Noticed a bag of meat
    16 | D        | Noticed a bag of meat
    16 | D        | Noticed a bag of meat
    16 | D        | Noticed a destroyer
    16 | D        | Noticed a bag of meat
    16 | D        | Noticed a bag of meat
    16 | D        | Noticed a meat berserker
    16 | D        | Noticed a bag of meat
    16 | D        | Noticed a bag of meat
    16 | D        | Noticed a bag of meat
    16 | D        | Noticed a meat berserker
    17 | D        | Killed a meat berserker
    17 | D        | Noticed a meat berserker
    17 | D        | Noticed a bag of meat
    18 | D        | Killed a meat berserker
    18 | D        | Reached *** piety under Makhleb
    18 | D        | Killed a bag of meat
    18 | D        | Killed a meat berserker
    18 | D        | Noticed a bag of meat
    19 | D        | Reached skill level 27 in Armour
    19 | D        | Reached skill level 27 in Dodging
    19 | D        | Reached XP level 15. HP: 174/174 MP: 14/14
    19 | D        | Noticed a meat berserker
    19 | D        | Noticed a meat berserker
    19 | D        | Noticed a meat berserker
    20 | D        | Killed a destroyer
    20 | D        | Reached **** piety under Makhleb
    20 | D        | Noticed a destroyer
    21 | D        | Reached XP level 16. HP: 164/183 MP: 14/20
    21 | D        | Killed a meat berserker
    21 | D        | Killed a meat berserker
    21 | D        | Reached ***** piety under Makhleb
    21 | D        | Noticed a large bag of meat
    22 | D        | Reached skill level 10 in Throwing
    22 | D        | Reached skill level 10 in Invocations
    22 | D        | Reached XP level 17. HP: 191/191 MP: 14/23
    22 | D        | Killed a meat berserker
    22 | D        | Noticed a meat berserker
    23 | D        | Reached skill level 15 in Long Blades
    23 | D        | Reached skill level 15 in Maces & Flails
    23 | D        | Reached skill level 15 in Polearms
    24 | D        | Killed a meat berserker
    25 | D        | Reached XP level 18. HP: 145/200 MP: 14/32
    25 | D        | Reached ****** piety under Makhleb
    25 | D        | Killed a large bag of meat
    25 | D        | Noticed a destroyer
    26 | D        | Reached skill level 27 in Invocations
    26 | D        | Reached XP level 19. HP: 157/207 MP: 14/35
    26 | D        | Noticed a meat berserker
    27 | D        | Noticed a large bag of meat
    28 | D        | Killed a meat berserker
    28 | D        | Killed a meat berserker
    29 | D        | Reached skill level 15 in Throwing
    29 | D        | Killed a destroyer
    29 | D        | Killed a meat berserker
    30 | D        | Reached skill level 15 in Stealth
    30 | D        | Reached skill level 15 in Evocations
    30 | D        | Reached XP level 20. HP: 216/216 MP: 15/36
    32 | D        | Killed a meat berserker
    33 | D        | Killed a meat berserker
    35 | D        | Reached XP level 21. HP: 224/224 MP: 16/37
    37 | D        | Noticed a destroyer
    38 | D        | Noticed a destroyer
    41 | D        | Killed a large bag of meat
    42 | D        | Noticed a large bag of meat
    44 | D        | Reached XP level 22. HP: 230/233 MP: 18/38
    45 | D        | Noticed an accursed
    45 | D        | Noticed a large bag of meat
    47 | D        | Noticed an accursed
    48 | D        | Reached skill level 27 in Long Blades
    48 | D        | Reached skill level 27 in Maces & Flails
    48 | D        | Reached skill level 27 in Polearms
    49 | D        | Noticed an accursed
    50 | D        | Reached skill level 27 in Staves
    50 | D        | Reached skill level 27 in Shields
    50 | D        | Noticed an accursed
    50 | D        | Killed an accursed
    51 | D        | Reached skill level 27 in Short Blades
    51 | D        | Killed a destroyer
    51 | D        | Noticed a large bag of meat
    52 | D        | Reached skill level 27 in Ranged Weapons
    52 | D        | Reached skill level 27 in Unarmed Combat
    53 | D        | Noticed an accursed
    55 | D        | Killed a destroyer
    56 | D        | Reached skill level 27 in Throwing
    56 | D        | Reached XP level 23. HP: 143/240 MP: 21/39
    56 | D        | Killed a large bag of meat
    56 | D        | Killed a large bag of meat
    57 | D        | Reached skill level 27 in Stealth
    57 | D        | Reached skill level 27 in Evocations
    57 | D        | Killed an accursed
    58 | D        | Killed an accursed
    59 | D        | Reached XP level 24. HP: 29/249 MP: 22/50
    59 | D        | Mangled by a bag of meat

Illustrated notes

Levels and vault maps discovered:
D:        meatsprint

Skill      XL: |  1  2  3  4  5  6  7  8  9 10 11 12 13 14 15 16 17 18 19 20 21 22 23 |
---------------+----------------------------------------------------------------------+-----
Fighting       | 18 23 24 27 | 27.0
Axes           | 19 24 25 27 | 27.0
Armour         | 10 13 20 27 | 27.0
Dodging        | 10 12 19 27 | 27.0
Short Blades   | 8 12 14 19 22 25 27 | 27.0
Long Blades    | 9 13 15 20 23 26 27 | 27.0
Maces & Flails | 9 13 15 20 23 26 27 | 27.0
Polearms       | 9 13 15 20 23 26 27 | 27.0
Staves         | 8 12 14 20 22 25 27 | 27.0
Ranged Weapons | 8 11 13 18 21 24 27 | 27.0
Throwing       | 7 10 12 17 19 22 27 | 27.0
Stealth        | 6 9 11 15 18 20 25 27 | 27.0
Shields        | 8 12 14 20 22 25 27 | 27.0
Unarmed Combat | 8 11 13 18 21 24 27 | 27.0
Invocations    | 7 10 23 27 | 27.0
Evocations     | 6 9 11 15 18 20 25 27 | 27.0
Spellcasting   | 24 | 24.9

Action                     |  1- 3 |  4- 6 |  7- 9 | 10-12 | 13-15 | 16-18 | 19-21 | 22-24 || total
---------------------------+-------+-------+-------+-------+-------+-------+-------+-------++-------
  Melee: Executioner's axe |     1 |       |       |     2 |     5 |     4 |    12 |     9 ||    33
 Invoke: Major Destruction |       |       |       |       |       |     1 |       |       ||     1
    Use: Scroll            |       |       |       |       |       |       |       |     1 ||     1
  Dodge: Dodged            |       |       |       |       |     1 |       |       |       ||     1
